 Dungeon Crawl Stone Soup version 0.14-a0-3419-gdb3688e (webtiles) character file.

87639 vladimirc the Destroyer (level 15, -5/129 HPs)
             Began as a Naga Wizard on Mar 21, 2014.
             Was the Champion of Vehumet.
             Slain by a manticore skeleton (10 damage)
             ... led by Josephine
             ... on Level 15 of the Dungeon.
             The game lasted 03:01:15 (33691 turns).

vladimirc the Destroyer (Naga Wizard)              Turns: 33691, Time: 03:01:17

HP  -5/129       AC 23     Str 10      XL: 15   Next: 85%
MP  18/37        EV 12     Int 24      God: Vehumet [******]
Gold 1810        SH  0     Dex 10      Spells: 10 memorised, 10 levels left

rFire  . . .     SeeInvis +     R - +4,+3 cutlass (venom)
rCold  + + .     Clarity  .     z - +1 leather armour {rC+}
rNeg   + + .     Conserve .     (no shield)
rPois  +         rCorr    .     T - +2 helmet
rElec  .         rRot     .     D - +0 cloak
SustAb . .       Spirit   .     p - +0 pair of gloves
rMut   .         Warding  +     O - +2 naga barding
Saprov . . .     Stasis   .     a - brooch of Shielding {Ward AC+4 EV+4}
MR     +....                    t - ring of positive energy
                                E - ring of protection from cold

@: repel missiles, very slow, somewhat resistant to hostile enchantments, very
stealthy
A: spit poison, constrict 1, see invisible, deformed body, poison resistance,
slowness 2, AC +5
a: Spit Poison, Renounce Religion


You were on level 15 of the Dungeon.
You worshipped Vehumet.
Vehumet was exalted by your worship.
You were not hungry.

You visited 3 branches of the dungeon, and saw 24 of its levels.
You also visited: Volcano.

You collected 1810 gold pieces.

Inventory:

Hand weapons
 l - a +4,+0 dagger of speed
 G - a +0,+2 cutlass of protection
 I - a +7,+3 dagger of holy wrath
 R - a +4,+3 cutlass of venom (weapon)
Armour
 p - a +0 pair of gloves (worn)
 z - a +1 leather armour of cold resistance (worn)
 D - a +0 cloak (worn)
 J - a +2 robe of magic resistance
 O - a +2 naga barding (worn)
 P - a +2 robe of cold resistance
 T - a +2 helmet (worn)
Magical devices
 o - a wand of draining (1)
 q - a wand of frost (9)
 w - a wand of disintegration (3)
 B - a wand of magic darts (15)
 X - a wand of fire (6)
Comestibles
 b - a meat ration
 d - 5 bread rations
 m - 3 chokos
 x - a lychee
 M - a chunk of human flesh
Scrolls
 k - a scroll of enchant weapon III
 A - a scroll of enchant armour
 C - 2 scrolls of fog
 K - a scroll of remove curse
Jewellery
 a - the brooch of Shielding (around neck) {Ward AC+4 EV+4}
   (You found it on level 2 of the Lair of Beasts)

   [amulet of warding]

   It affects your AC (+4).
   It affects your evasion (+4).
 g - an uncursed ring of wizardry
 r - a +1 ring of intelligence
 t - a ring of positive energy (right hand)
 v - an uncursed amulet of faith
 y - an uncursed ring of teleportation
 E - a ring of protection from cold (left hand)
 N - an uncursed ring of protection from fire {unknown}
Potions
 e - a potion of lignification
 f - 3 potions of curing
 h - 2 potions of berserk rage {unknown}
 j - a potion of haste
 n - a potion of cure mutation {unknown}
 s - 2 potions of invisibility
 u - a potion of restore abilities {unknown}
 F - a potion of paralysis {unknown}
 H - a potion of strong poison {unknown}
 L - a potion of magic {unknown}
Books
 i - a book of Annihilations

   Spells                             Type                      Level
   Poison Arrow                       Conjuration/Poison           6
   Chain Lightning                    Conjuration/Air              8
   Lehudib's Crystal Spear            Conjuration/Earth            8
   Glaciate                           Conjuration/Ice              9
   Fire Storm                         Conjuration/Fire             9
Miscellaneous
 c - a disc of storms
 S - an ornate deck of dungeons


   Skills:
 - Level 7.4 Fighting
 - Level 4.6 Short Blades
 - Level 1.9 Armour
 - Level 2.8 Dodging
 - Level 11.0 Stealth
 - Level 15.0 Spellcasting
 + Level 16.0 Conjurations
 - Level 4.7 Charms
   Level 1.0 Summonings
 - Level 5.2 Translocations
 - Level 4.6 Fire Magic
 - Level 1.4 Air Magic
 - Level 3.7 Poison Magic
 - Level 0.4 Evocations


You had 10 spell levels left.
You knew the following spells:

 Your Spells              Type           Power        Failure   Level  Hunger
a - Magic Dart            Conj           ####         0%          1    None
b - Searing Ray           Conj           ######       0%          2    None
c - Mephitic Cloud        Conj/Pois/Air  ######..     1%          3    None
d - Blink                 Tloc           N/A          1%          2    None
e - Conjure Flame         Conj/Fire      ######..     1%          3    None
f - Force Lance           Conj           #######.     1%          5    None
g - Iskenderun's Mystic   Conj           #######.     1%          4    None
n - Iskenderun's Battles  Conj/Chrm      ######..     1%          5    None
r - Repel Missiles        Chrm/Air       ####..       1%          2    None
G - Orb of Destruction    Conj           #######...   1%          7    ######.


Dungeon Overview and Level Annotations

Branches:
Dungeon (15/15)            Temple (1/1) D:4             Orc (0/4) D:11
   Lair (8/8) D:10          Swamp (0/5) Lair:3        Snake (0/5) Lair:5
 Vaults (0/5) D:14         Depths (0/5) D:15
  Slime: Lair:6-8

Altars:
Ashenzari
Cheibriados
Dithmenos
Elyvilon
Fedhas
Kikubaaqudgha
Makhleb
Nemelex Xobeh
Okawaru
Sif Muna
Trog
Vehumet
Xom
Yredelemnul
Zin
The Shining One
Jiyva

Shops:
D:10 :

Annotations:
Lair:2 exclusion: oklob plant


Innate Abilities, Weirdness & Mutations

You cannot wear boots.
You can spit poison.
You can use your snake-like lower body to constrict enemies.
Your serpentine skin is tough (AC +5).
You have supernaturally acute eyesight.
Armour fits poorly on your strangely shaped body.
Your system is resistant to poisons.
You cover ground very slowly.


Message History

The barrage of energy hits the stone giant zombie.
A manticore skeleton comes into view.
The stone giant zombie is engulfed in roaring flames.
The stone giant zombie closely misses you.
The stone giant zombie is engulfed in roaring flames.
The stone giant zombie barely misses you.
The manticore skeleton misses you.
The manticore skeleton claws you but does no damage. x2
The stone giant zombie is engulfed in roaring flames.
The stone giant zombie hits you but does no damage.
The manticore skeleton bites you!
The manticore skeleton claws you but does no damage.
The manticore skeleton closely misses you.
The stone giant zombie is engulfed in roaring flames.
The stone giant zombie hits you!
* * * LOW HITPOINT WARNING * * *
The manticore skeleton bites you!
* * * LOW HITPOINT WARNING * * *
The manticore skeleton claws you!
You die...

#@#.P...8.....P..#
#.....P.88....P..#
#...?(...........# ..
#.....8....P.....#++######...
#.......@....................
#.......#...*#.).............
#......+....#........(..#
#......#..Z.#...........#
#......#...@##..........#
#......#...Z.#.(######..#
#####..#.....#..# ..#
#..#.....#..# ....
#ยง.##....#).# ...
#...#....#..######...
#...#....#..........
#...###..#(......#######
#.....####.......#......


You could see a necromancer, a stone giant zombie and a manticore skeleton.

Vanquished Creatures
  Snorg (Lair:4)
  3 vault guards (D:14)
  Josephine (D:15)
  The ghost of Izicata the Spear-Bearer, a powerful MfIE of Kikubaaqudgha (Lair:5)
  The ghost of Faulk the Grappler, a powerful MiMo of Dithmenos (D:10)
  Nessos (D:12)
  5 hydras
  Erica (Lair:1)
  8 death yaks
  A tengu warrior (D:13)
  The ghost of Gorice the Thaumaturge, a powerful DEVM of Sif Muna (D:12)
  Urug (D:11)
  The ghost of Izicata the Spear-Bearer, an experienced MfIE of Kikubaaqudgha (D:9)
  Nergalle (Lair:4)
  5 centaur warriors
  Erolcha (D:13)
  2 skeletal warriors (D:15)
  An unseen horror (D:14)
  9 hill giants
  A flayed ghost (D:15)
  A griffon (D:14)
  A very ugly thing zombie (D:15)
  An orc sorcerer (D:8)
  3 orc knights
  3 wizards (D:14)
  2 manticores
  An octopode (D:9)
  A mermaid (Lair:5)
  2 black mambas
  2 gargoyles
  A spiny frog (Lair:3)
  2 molten gargoyles (Volcano)
  Psyche (D:8)
  An efreet (D:14)
  A spriggan druid (Lair:4)
  A feature mimic (Lair:5)
  An iron troll zombie (D:15)
  2 hydra zombies
  6 komodo dragons
  A wandering mushroom (Lair:4)
  A merfolk (Lair:5)
  A fire vortex (D:13)
  A baby alligator (Lair:3)
  5 trolls
  A hydra skeleton (D:15)
  9 slime creatures
  A boulder beetle (Lair:7)
  2 two-headed ogres
  2 ravens (D:13)
  4 blink frogs (Lair:2)
  A griffon skeleton (D:14)
  4 deep elf magi
  A shadow (D:14)
  A vampire (D:13)
  A fire elemental (D:13)
  2 basilisks
  69 yaks
  11 ugly things
  19 humans
  An ugly thing zombie (D:15)
  Eustachio (D:8)
  An elephant slug (Lair:6)
  9 sharks
  2 hungry ghosts
  Grum (D:8)
  14 wargs (D:8)
  7 hippogriffs
  A wraith (D:14)
  36 wolves
  A hill giant skeleton (D:12)
  9 fire bats (Volcano)
  An ogre zombie (D:12)
  2 wyverns
  7 necrophages (D:10)
  A swamp worm (D:10)
  Edmund (D:4)
  Menkaure (D:7)
  3 nagas (Lair:5)
  A vampire mosquito (D:14)
  A mottled dragon (Volcano)
  A swamp drake (Lair:3)
  2 giant goldfish
  A spider (Lair:8)
  9 orc warriors
  10 water moccasins
  9 porcupines
  A boring beetle (Lair:5)
  5 ice beasts
  An ogre (shapeshifter) (D:14)
  5 black bears
  5 sky beasts
  29 centaurs
  9 ogres
  3 phantoms
  Sigmund (D:4)
  Duvessa (D:4)
  12 giant slugs
  16 crocodiles
  3 big kobolds
  14 lava worms
  Blork the orc (D:7)
  A brain worm (D:13)
  A wyvern zombie (D:10)
  A cyclops zombie (D:15)
  A komodo dragon skeleton (D:11)
  An eye of draining (D:11)
  An ogre simulacrum (D:15)
  15 giant frogs
  A cyclops skeleton (D:13)
  6 scorpions
  8 wights (D:10)
  An elf zombie (D:15)
  A yak skeleton (D:8)
  7 lava snakes
  2 electric eels
  10 crimson imps
  A giant frog zombie (D:10)
  2 goliath beetles
  6 iguanas
  8 jellies
  A centaur zombie (D:9)
  Dowan (D:4)
  Crazy Yiuf (D:4)
  A basilisk zombie (D:14)
  11 orc priests
  12 hounds
  A centaur skeleton (D:12)
  8 big fish
  13 orc wizards
  6 worker ants
  4 sheep (Lair:3)
  2 killer bee zombies (D:10)
  Ijyb (D:7)
  A sky beast zombie (D:5)
  A basilisk simulacrum (D:15)
  2 mummies
  7 gnolls
  A scorpion zombie (D:10)
  16 adders
  13 green rats (Lair:5)
  3 giant mites
  3 shadow imps
  3 orc skeletons
  A goliath beetle zombie (D:5)
  An inept feature mimic (D:4)
  8 worms
  2 giant eyeballs
  11 giant geckos
  8 oozes
  89 orcs
  A bat zombie (D:7)
  5 giant cockroaches
  10 goblins
  11 hobgoblins
  31 jackals
  31 bats
  A giant gecko skeleton (D:6)
  9 giant newts
  A giant spore (D:12)
  A hobgoblin skeleton (D:4)
  19 kobolds
  A kobold zombie (D:5)
  2 orc zombies (D:10)
  10 quokkas
  A quokka zombie (D:5)
  25 rats
  A rat skeleton (D:4)
  A spectral orc (Lair:4)
  11 ballistomycetes
  A fungus (Lair:5)
934 creatures vanquished.

Vanquished Creatures (others)
  A wizard (D:14)
  A vampire mosquito (D:14)
  An orc wizard (D:13)
  A giant spore (D:13)
  A bush (D:14)
  5 fungi
  5 plants
15 creatures vanquished.

Grand Total: 949 creatures vanquished

Notes
Turn   | Place    | Note
--------------------------------------------------------------
     0 | D:1      | vladimirc, the Naga Wizard, began the quest for the Orb.
     0 | D:1      | Reached XP level 1. HP: 15/15 MP: 4/4
   296 | D:1      | Reached XP level 2. HP: 22/22 MP: 1/6
   304 | D:1      | Learned a level 2 spell: Blink
  1224 | D:2      | Reached XP level 3. HP: 11/28 MP: 2/8
  1946 | D:3      | Reached skill level 4 in Spellcasting
  1995 | D:3      | Reached XP level 4. HP: 20/36 MP: 0/11
  2007 | D:3      | Learned a level 3 spell: Mephitic Cloud
  2533 | D:3      | Found a shattered altar of Ashenzari.
  2929 | D:4      | Noticed Dowan
  2931 | D:4      | Noticed Duvessa
  3014 | D:4      | Reached skill level 1 in Poison Magic
  3039 | D:4      | Reached XP level 5. HP: 8/42 MP: 0/13
  3369 | D:4      | Reached skill level 1 in Armour
  3666 | D:4      | Reached XP level 6. HP: 15/49 MP: 0/15
  3990 | D:4      | Killed Dowan
  4023 | D:4      | Killed Duvessa
  4075 | D:4      | Noticed Edmund
  4082 | D:4      | Learned a level 3 spell: Conjure Flame
  4083 | D:4      | Noticed Sigmund
  4222 | D:3      | Learned a level 2 spell: Repel Missiles
  4433 | D:4      | Reached skill level 1 in Air Magic
  4857 | D:4      | Killed Sigmund
  4857 | D:4      | Reached XP level 7. HP: 33/55 MP: 4/17
  4978 | D:4      | Found a staircase to the Ecumenical Temple.
  5039 | Temple   | Entered the Ecumenical Temple
  5245 | Temple   | Became a worshipper of Vehumet
  5397 | D:4      | Noticed Crazy Yiuf
  5416 | D:4      | Killed Crazy Yiuf
  5559 | D:4      | Killed Edmund
  5559 | D:4      | Reached skill level 5 in Spellcasting
  5670 | D:4      | Found a glowing silver altar of Zin.
  5670 | D:4      | Found a basalt altar of Yredelemnul.
  5713 | D:5      | Entered Level 5 of the Dungeon
  5903 | D:5      | Found a viscous altar of Jiyva.
  6076 | D:5      | Reached XP level 8. HP: 52/62 MP: 6/20
  6387 | D:5      | Reached skill level 6 in Spellcasting
  6591 | D:5      | Acquired Vehumet's first power
  6591 | D:5      | Offered knowledge of Flame Tongue by Vehumet.
  7186 | D:6      | Reached skill level 5 in Conjurations
  7249 | D:6      | Found a white marble altar of Elyvilon.
  7378 | D:6      | Found a sparkling altar of Nemelex Xobeh.
  7474 | D:6      | Reached skill level 7 in Spellcasting
  7663 | D:7      | Reached skill level 1 in Short Blades
  7750 | D:7      | Noticed Menkaure
  7890 | D:7      | Reached XP level 9. HP: 44/68 MP: 24/24
  8138 | D:7      | Killed Menkaure
  8344 | D:7      | Noticed Ijyb
  8356 | D:7      | Killed Ijyb
  8370 | D:7      | Reached skill level 8 in Spellcasting
  8376 | D:7      | Offered knowledge of Throw Frost by Vehumet.
  8606 | D:7      | Noticed Blork the orc
  8774 | D:7      | Killed Blork the orc
  9307 | D:8      | Reached skill level 9 in Spellcasting
  9408 | D:8      | Noticed Psyche
  9444 | D:8      | Killed Psyche
  9444 | D:8      | Reached XP level 10. HP: 75/75 MP: 16/28
  9610 | D:8      | Noticed a centaur warrior
  9625 | D:8      | Killed a centaur warrior
  9687 | D:8      | Noticed Eustachio
  9700 | D:8      | Killed Eustachio
  9714 | D:8      | Noticed Grum
  9729 | D:8      | Killed Grum
  9729 | D:8      | Reached skill level 10 in Spellcasting
  9737 | D:8      | Offered knowledge of Searing Ray by Vehumet.
  9742 | D:8      | Learned a level 2 spell: Searing Ray
  9868 | D:8      | Found an ancient bone altar of Kikubaaqudgha.
 10201 | D:8      | Noticed an orc sorcerer
 10214 | D:8      | Killed an orc sorcerer
 10214 | D:8      | Acquired Vehumet's second power
 10445 | D:8      | Noticed an orc knight
 10513 | D:8      | Killed an orc knight
 10618 | D:8      | Offered knowledge of Olgreb's Toxic Radiance by Vehumet.
 10690 | D:8      | Noticed a six-headed hydra
 10701 | D:8      | Noticed an orc knight
 10725 | D:8      | Reached skill level 1 in Fire Magic
 10851 | D:8      | Killed an orc knight
 10851 | D:8      | Reached XP level 11. HP: 43/81 MP: 23/29
 11222 | D:8      | Acquired Vehumet's third power
 11721 | D:8      | Reached skill level 10 in Conjurations
 11796 | D:8      | Offered knowledge of Bolt of Draining by Vehumet.
 11996 | D:8      | Noticed an orc knight
 12114 | D:9      | Noticed Izicata's ghost (experienced MfIE)
 12129 | D:9      | Killed Izicata's ghost
 13140 | D:9      | Offered knowledge of Iskenderun's Mystic Blast by Vehumet.
 13140 | D:9      | Reached skill level 1 in Charms
 13149 | D:9      | Learned a level 4 spell: Iskenderun's Mystic Blast
 13373 | D:9      | Reached skill level 11 in Conjurations
 13455 | D:10     | Entered Level 10 of the Dungeon
 13759 | D:10     | Noticed a hill giant
 13773 | D:10     | Killed a hill giant
 13791 | D:10     | Found a staircase to the Lair.
 13898 | Lair:1   | Entered Level 1 of the Lair of Beasts
 13941 | Lair:1   | Reached XP level 12. HP: 48/90 MP: 27/31
 14123 | Lair:1   | Noticed Erica
 14125 | Lair:1   | Reached skill level 1 in Fighting
 14159 | Lair:1   | Killed Erica
 15251 | Lair:2   | Found a dark tunnel.
 15261 | Volcano  | Entered a volcano
 15844 | Volcano  | Found a radiant altar of Vehumet.
 15856 | Volcano  | Reached skill level 5 in Fighting
 16298 | Lair:2   | Found a shattered altar of Ashenzari.
 17064 | Lair:2   | Reached skill level 5 in Translocations
 17445 | Lair:2   | Identified a scroll of acquirement
 17453 | Lair:2   | Learned a level 5 spell: Iskenderun's Battlesphere
 18055 | Lair:2   | Found a blossoming altar of Fedhas.
 18065 | Lair:2   | Reached XP level 13. HP: 107/114 MP: 23/32
 18344 | Lair:3   | Reached skill level 12 in Conjurations
 18691 | Lair:3   | Offered knowledge of Force Lance by Vehumet.
 18826 | Lair:3   | Found a staircase to the Swamp.
 19602 | Lair:4   | Noticed Snorg
 19811 | Lair:4   | Noticed Nergalle
 19821 | Lair:4   | Killed Nergalle
 20089 | Lair:4   | Learned a level 5 spell: Force Lance
 20440 | Lair:4   | Killed Snorg
 20589 | Lair:4   | Reached skill level 10 in Stealth
 21143 | Lair:5   | Noticed Izicata's ghost (powerful MfIE)
 21597 | Lair:5   | Found a staircase to the Snake Pit.
 21903 | Lair:5   | Killed Izicata's ghost
 21903 | Lair:5   | Reached skill level 13 in Conjurations
 21903 | Lair:5   | Reached XP level 14. HP: 47/121 MP: 4/34
 21925 | Lair:5   | Offered knowledge of Orb of Destruction by Vehumet.
 22051 | Lair:5   | Learned a level 7 spell: Orb of Destruction
 22272 | Lair:5   | Found a staircase to the Shoals.
 22891 | Lair:5   | the staircase to the Shoals was a mimic.
 24275 | Lair:8   | Entered Level 8 of the Lair of Beasts
 24676 | D:10     | Noticed a hill giant
 24688 | D:10     | Killed a hill giant
 25025 | D:10     | Offered knowledge of Bolt of Fire by Vehumet.
 25043 | D:10     | Noticed Faulk's ghost (powerful MiMo)
 25062 | D:10     | Killed Faulk's ghost
 25596 | D:10     | Found Gasuv's Book Shop.
 26274 | D:11     | Noticed Urug
 26287 | D:11     | Killed Urug
 26648 | D:11     | Found a staircase to the Orcish Mines.
 27134 | D:12     | Noticed Gorice's ghost (powerful DEVM)
 27397 | D:12     | Reached skill level 14 in Spellcasting
 27684 | D:12     | Offered knowledge of Delayed Fireball by Vehumet.
 27797 | D:12     | Killed Gorice's ghost
 27913 | D:12     | Noticed Nessos
 28003 | D:12     | Killed Nessos
 28880 | D:13     | Reached XP level 15. HP: 124/128 MP: 15/36
 29044 | D:13     | Reached skill level 15 in Spellcasting
 29475 | D:13     | Noticed Erolcha
 29483 | D:13     | Killed Erolcha
 30174 | D:14     | Offered knowledge of Conjure Ball Lightning by Vehumet.
 30688 | D:14     | HP: 4/129 [fire crab (shapeshifter)] (27)]
 31227 | D:14     | Reached skill level 15 in Conjurations
 31438 | D:14     | HP: 6/129 [vault guard/arrow (15)]
 32536 | D:14     | Found a gate to the Vaults.
 32911 | D:14     | Offered knowledge of Freezing Cloud by Vehumet.
 33019 | D:15     | Entered Level 15 of the Dungeon
 33189 | D:15     | Noticed Josephine
 33502 | D:15     | Found a staircase to the Depths.
 33544 | D:15     | Reached skill level 16 in Conjurations
 33554 | D:15     | Killed Josephine
 33691 | D:15     | HP: 5/129 [manticore skeleton[Josephine] (9)]
 33691 | D:15     | Slain by a manticore skeleton

Action                   |  1- 3 |  4- 6 |  7- 9 | 10-12 | 13-15 || total
-------------------------+-------+-------+-------+-------+-------++-------
Melee: Dagger            |    13 |    25 |    57 |    14 |       ||   109
       Cutlass           |       |       |       |   304 |   806 ||  1110
       Unarmed           |       |       |       |     1 |       ||     1
 Cast: Magic Dart        |    75 |   116 |   327 |   351 |   692 ||  1561
       Mephitic Cloud    |       |     9 |    16 |    64 |    56 ||   145
       Conjure Flame     |       |     1 |    16 |    29 |    39 ||    85
       Repel Missiles    |       |     1 |     2 |       |     8 ||    11
       Blink             |       |       |     7 |    14 |    66 ||    87
       Searing Ray       |       |       |       |    42 |    38 ||    80
       Iskenderun's Myst |       |       |       |    62 |    61 ||   123
       Iskenderun's Batt |       |       |       |     4 |   188 ||   192
       Orb of Destructio |       |       |       |       |     3 ||     3
 Abil: Spit Poison       |    13 |    31 |    50 |    89 |    37 ||   220
Evoke: Wand              |       |     1 |       |     2 |     8 ||    11
  Use: Scroll            |     1 |     2 |     6 |    11 |    13 ||    33
       Potion            |       |       |       |       |     8 ||     8
 Stab: Sleeping          |       |     2 |     1 |    10 |    28 ||    41
       Confused          |       |       |     1 |    24 |    12 ||    37
       Distracted        |       |       |       |       |     2 ||     2
